 Dungeon Crawl Stone Soup version 0.30-a0-613-gdd512c7efb (webtiles) character file.

Game seed: 17843788255885990612

244 pokeman the Magician (level 5, -2/43 HPs)
             Began as a Deep Elf Hedge Wizard on Jan 8, 2023.
             Succumbed to Edmund's poison
             ... on level 4 of the Dungeon.
             The game lasted 00:05:58 (3334 turns).

pokeman the Magician (Deep Elf Hedge Wizard)        Turns: 3334, Time: 00:05:58

Health: -2/43      AC: 29    Str:  7    XL:     5   Next: 83%
Magic:  12/16      EV:  2    Int: 27    God:
Gold:   156        SH:  0    Dex: 14    Spells: 9/17 levels left

rFire   . . .      SeeInvis .    n - +2 dagger (protect)
rCold   . . .      Faith    .    (no shield)
rNeg    . . .      Spirit   .    (body armour currently unavailable)
rPois   +          Reflect  .    (helmet currently unavailable)
rElec   .          Harm     .    (cloak currently unavailable)
rCorr   .          Rampage  .    (gloves currently unavailable)
Will    .....      NoTele   +    (boots currently unavailable)
Stlth   ++                       (no amulet)
HPRegen 0.27/turn                k - +6 ring of intelligence
MPRegen 0.15/turn                (no ring)

@: lethally poisoned (-2 -> -11), tree-form, under a protective aura
A: stationary, stasis, torment immunity, boosted hp
a: no special abilities


You were on level 4 of the Dungeon.
You were a tree.
You visited 1 branch of the dungeon, and saw 4 of its levels.

You collected 156 gold pieces.

Inventory:

Hand Weapons
 n - a +2 dagger of protection (weapon)
Armour
 b - a +0 robe (melded)
 j - a +0 helmet (melded)
 p - a +0 tower shield
Jewellery
 k - a +6 ring of intelligence (left branch)
Wands
 s - a wand of polymorph (12)
Scrolls
 a - a scroll of amnesia {unknown}
 c - 3 scrolls of identify {unknown}
 e - a scroll of fog {unknown}
 g - 3 scrolls of teleportation {unknown}
 m - a scroll of poison {unknown}
 q - a scroll of brand weapon {unknown}
 r - a scroll of butterflies {unknown}
Potions
 d - a potion of magic
 f - 2 potions of lignification
 h - 3 potions of attraction {unknown}
 i - 3 potions of ambrosia {unknown}
 l - a potion of heal wounds {unknown}
 o - a potion of berserk rage {unknown}
 t - a potion of brilliance


   Skills:
 - Level 1.0 Fighting
 - Level 1.0 Armour
 - Level 3.0 Dodging
 - Level 3.0 Stealth
 - Level 1.0 Shields
 * Level 6.6 Spellcasting
 + Level 2.8 Conjurations
 - Level 1.1 Summonings
 - Level 1.1 Translocations
 - Level 1.0 Air Magic
 + Level 0.0 Poison Magic
 + Level 0.0 Evocations


You had 9 spell levels left.
You knew the following spells:

 Your Spells              Type           Power      Damage    Failure   Level
a - Magic Dart            Conj           96%        1d7       1%          1
b - Mephitic Cloud        Conj/Pois/Air  15%        N/A       11%         3
c - Call Imp              Summ           14%        N/A       6%          2
d - Blink                 Tloc           28%        N/A       6%          2

Your spell library contained the following spells:

 Spells                   Type           Power      Damage    Failure   Level
 Summon Small Mammal      Summ           56%        N/A       3%          1
 Slow                     Hex            36%        N/A       6%          1
 Cigotuvi's Dreadful Rot  Necr/Pois/Air  20%        N/A       8%          2
 Poisonous Vapours        Pois/Air       22%        N/A       8%          2
 Call Canine Familiar     Summ           14%        N/A       12%         3
 Summon Guardian Golem    Hex/Summ       11%        N/A       14%         3


Dungeon Overview and Level Annotations

Branches:
Dungeon (4/15)
 Temple: D:4-7

Altars:
Yredelemnul

Annotations:
D:4 Edmund


Message History

Edmund is engulfed in noxious fumes.
Edmund appears confused.
Your crimson imp hits Edmund.
You catch the helpless Edmund completely off-guard!
You puncture Edmund!
Your weapon exudes an aura of protection.
Edmund is moderately wounded.
Edmund closely misses you.
Your crimson imp hits Edmund but does no damage.
You hit Edmund.
Edmund is moderately wounded.
Edmund hits your crimson imp with a +2 dire flail of venom!
Your crimson imp hits Edmund.
You hit Edmund but do no damage.
Edmund is moderately wounded.
Edmund hits you with a +2 dire flail of venom!
You are poisoned.
Your crimson imp hits Edmund.
You hit Edmund but do no damage.
Edmund is moderately wounded.
You feel very sick.
You hit Edmund but do no damage.
Edmund is moderately wounded.
You feel sick.
Edmund hits you with a +2 dire flail of venom!
* * * LOW HITPOINT WARNING * * *
You are more poisoned.
Your crimson imp blinks!
* * * LOW HITPOINT WARNING * * *
You feel very sick.
Edmund seems less confused.
It was a potion of lignification.
You turn into a tree.
Your +0 helmet melds into your body.
Your +0 robe melds into your body.
Your roots penetrate the ground.
* * * LOW HITPOINT WARNING * * *
You feel very sick.
Edmund hits you with a +2 dire flail of venom.
* * * LOW HITPOINT WARNING * * *
You hit Edmund.
Edmund is moderately wounded.
You die...

### ###.## ### ##.#..###.##
#######♣.....##..#
#..#...@#.##.....#
##.......#####...##
#.....5.## ###..#
###...##.####....###
#................## ##
###..........#.#.#..####.
#...........##.###.##.#..
###...#.......##.###.#..#..


You could see Edmund (ally target) and a friendly crimson imp (summoned).

Vanquished Creatures
  Natasha (thrice) (D:3)
  3 gnolls (D:4)
  4 adders
  2 dart slugs (D:1)
  An orc (D:3)
  4 ball pythons
  10 endoplasms
  3 giant cockroaches
  8 hobgoblins
  4 jackals (D:2)
  2 quokkas (D:1)
  7 bats
  A frilled lizard (D:2)
  5 goblins
  4 kobolds
  4 rats
65 creatures vanquished.

Vanquished Creatures (collateral kills)
  An orc wizard (D:3)
  3 orcs (D:3)
  2 jackals (D:2)
6 creatures vanquished.

Vanquished Creatures (others)
  A fungus (D:3)
1 creature vanquished.

Grand Total: 72 creatures vanquished

Notes
Turn   | Place    | Note
-------+----------+-------------------------------------------
     0 | D:1      | pokeman the Deep Elf Hedge Wizard began the quest for the
                  | Orb.
     0 | D:1      | Reached XP level 1. HP: 10/10 MP: 7/7
   223 | D:1      | Reached XP level 2. HP: 16/16 MP: 3/9
   669 | D:1      | Reached skill level 5 in Spellcasting
   854 | D:1      | Reached XP level 3. HP: 20/20 MP: 7/11
   858 | D:1      | Learned a level 3 spell: Mephitic Cloud
   861 | D:1      | Learned a level 2 spell: Call Imp
   864 | D:1      | Learned a level 2 spell: Blink
  1108 | D:2      | Found a basalt altar of Yredelemnul.
  1270 | D:2      | Reached skill level 1 in Armour
  1611 | D:2      | Reached skill level 1 in Fighting
  1732 | D:2      | Reached XP level 4. HP: 25/25 MP: 6/13
  2109 | D:3      | Found a faded altar of an unknown god.
  2458 | D:3      | Reached skill level 6 in Spellcasting
  2496 | D:3      | Noticed Natasha
  2511 | D:3      | Killed Natasha
  2512 | D:3      | Reached XP level 5. HP: 23/29 MP: 6/15
  2682 | D:3      | Noticed Natasha
  2703 | D:3      | Killed Natasha
  2787 | D:3      | Noticed Natasha
  2798 | D:3      | Killed Natasha
  3080 | D:4      | Reached skill level 1 in Shields
  3080 | D:4      | Reached skill level 1 in Air Magic
  3228 | D:4      | Noticed Edmund
  3333 | D:4      | HP: 1/43 [Edmund/+2 dire flail of venom (2)]
  3334 | D:4      | Succumbed to Edmund's poison

Illustrated notes

Levels and vault maps discovered:
D:1:      saegor_arrival_under_anarchy, layout_basic
D:2:      layout_basic, basic_altar
D:3:      layout_loops_ring, shapermc_ecumenical_altar_acropolis, uniq_natasha
D:4:      layout_cave_pools, gammafunk_ghost_gnarly_gnolls, st_stairs_6,
          uniq_crazy_yiuf_cottage, uniq_edmund

Skill      XL: |  1  2  3  4  5 |
---------------+----------------+-----
Spellcasting   | 5 6 |  6.6
Armour         | 1 |  1.0
Fighting       | 1 |  1.0
Conjurations   | 2 |  2.8
Dodging        | 3 |  3.0
Stealth        | 3 |  3.0
Shields        | 1 |  1.0
Air Magic      | 1 |  1.0
Summonings     | |  1.1
Translocations | |  1.1

Action                   |  1- 3 |  4- 6 || total
-------------------------+-------+-------++-------
Melee: Dagger            |     8 |    32 ||    40
       Unarmed           |       |     3 ||     3
 Cast: Magic Dart        |   109 |    69 ||   178
       Call Imp          |       |     3 ||     3
       Mephitic Cloud    |       |     4 ||     4
  Use: Potion            |       |     1 ||     1
 Stab: Sleeping          |     1 |       ||     1
       Confused          |       |     2 ||     2
Armor: Robe              |     6 |     9 ||    15
Dodge: Dodged            |    15 |    25 ||    40

Table legend: (Time is in decaauts)
 A = Elapsed time spent in this place.
 B = Non-inter-level travel time spent in this place.
 C = Inter-level travel time spent in this place.
 D = Time resting spent in this place.
 E = Time spent auto-exploring this place.
 F = Levels seen in this place.
 G = Mean time per level.
                   A        B        C        D        E       F      G
               +--------+--------+--------+--------+--------+-----+--------+
         Total |   3331 |   3279 |     52 |     16 |   2759 |   4 |  832.8 |
       Dungeon |   3331 |   3279 |     52 |     16 |   2759 |   4 |  832.8 |
               +--------+--------+--------+--------+--------+-----+--------+

Top non-repeatable levels by time:
     D:1: 1108 daAuts
     D:3: 991 daAuts
     D:2: 916 daAuts
     D:4: 315 daAuts
